 Dungeon Crawl Stone Soup version 0.30.1-11-g7821555f0a (webtiles) character file.

Game seed: 11268491200200601195

114 jagang the Trooper (level 4, 0/37 HPs)
             Began as a Demonspawn Berserker on Dec 13, 2023.
             Was a Believer of Trog.
             Succumbed to Sigmund's poison
             ... on level 3 of the Dungeon.
             The game lasted 00:04:23 (2230 turns).

jagang the Trooper (Demonspawn Berserker)           Turns: 2230, Time: 00:04:23

Health: 0/37       AC: 10    Str: 20    XL:     4   Next: 67%
Magic:  5/5        EV: 10    Int:  8    God:    Trog [**....]
Gold:   52         SH:  0    Dex: 12    Spells: 3/3 levels left

rFire   . . .        l - +8 club
rCold   . . .        o - +0 buckler
rNeg    . . .        i - +0 chain mail
rPois   .            (no helmet)
rElec   .            (no cloak)
rCorr   .            n - +0 pair of gloves
SInv    .            (no boots)
Will    .....        g - amulet of the acrobat Stlth
                     (no ring)
HPRegen 0.26/turn    (no ring)
MPRegen 0.09/turn

%: acrobat
@: confused, lethally poisoned (0 -> -9)
A: repulsion field 1, demonic guardian 1
a: Renounce Religion, Berserk, Trog's Hand


You were on level 3 of the Dungeon.
You worshipped Trog.
Trog was pleased with you.
You visited 1 branch of the dungeon, and saw 3 of its levels.

You collected 52 gold pieces.

Inventory:

Hand Weapons
 a - a +0 mace
 l - a +8 club (weapon)
Missiles
 v - a silver boomerang (quivered)
Armour
 i - a +0 chain mail (worn)
 n - a +0 pair of gloves (worn)
 o - a +0 buckler (worn)
Jewellery
 g - an amulet of the acrobat (around neck)
Wands
 p - a wand of digging (2)
 r - a wand of charming (7)
Scrolls
 c - a scroll of identify {unknown}
 f - a scroll of enchant weapon {unknown}
 h - a scroll of vulnerability {unknown}
 j - a scroll of immolation {unknown}
 m - a scroll of teleportation {unknown}
 s - a scroll of blinking {unknown}
 w - a scroll of brand weapon {unknown}
Potions
 b - 2 potions of degeneration {unknown}
 e - a potion of attraction {unknown}
 k - a potion of magic {unknown}
 q - a potion of lignification {unknown}
 t - a potion of flight {unknown}
 u - a potion of curing {unknown}


   Skills:
 * Level 4.0 Fighting
 - Level 2.6 Maces & Flails
 + Level 1.3 Throwing
 + Level 2.4 Armour
 + Level 2.0 Dodging
 + Level 0.6 Shields
 + Level 2.2 Invocations


You had 3 spell levels left.
You didn't know any spells.
Your spell library contained the following spells:

 Spells                   Type           Power      Damage    Failure   Level
 Call Canine Familiar     Summ           0%         N/A       100%        3
 Portal Projectile        Hex/Tloc       0%         N/A       100%        3
 Tukima's Dance           Hex            0%         N/A       100%        3
 Leda's Liquefaction      Hex/Erth       0%         N/A       100%        4
 Blade Hands              Tmut           0%         N/A       100%        5


Dungeon Overview and Level Annotations

Branches:
Dungeon (3/15)

Altars:
Ru

Annotations:
D:3 Sigmund


Innate Abilities, Weirdness & Mutations

You are surrounded by a mild repulsion field. (EV +2)
A weak demonic guardian rushes to your aid.


Message History

Throw: dart (poison)
Press: ? - help, Q - select action, (/) - cycle Shift-Dir - straight line, f/p - Sigmund
Aim: Sigmund, wielding a +3 scythe of venom, wearing a +0 robe and carrying a wand of flame (22) (lightly wounded, poisoned, 55% to hit)
You throw a poisoned dart.
The poisoned dart barely misses Sigmund.
Sigmund zaps a wand.
The puff of flame hits you.
Sigmund points at you and mumbles some strange words.
You are confused.
You hit Sigmund.
Sigmund is moderately wounded.
Sigmund hits you with a +3 scythe of venom.
You are poisoned.
You're too confused to move!
You feel very sick.
Sigmund hits you with a +3 scythe of venom!
A demonic guardian appears!
You are lethally poisoned!
You sock Sigmund!
Sigmund is severely wounded.
* * * LOW HITPOINT WARNING * * *
You feel very sick.
Sigmund looks more healthy.
Sigmund gestures at you while chanting. The magic dart hits you.
* * * LOW HITPOINT WARNING * * *
You bump into the rock wall.
* * * LOW HITPOINT WARNING * * *
You feel very sick. Sigmund casts a spell at you.
You are more confused.
Unknown command.
You bump into the rock wall.
* * * LOW HITPOINT WARNING * * *
You feel very sick.
Sigmund zaps a wand.
The puff of flame misses you. The puff of flame hits your quasit.
Your quasit resists.
Unknown command.
You bump into the rock wall.
You die...

................##.
#........###...##.
###........# #.....<
...........# #.#.##.
##........###.#..#.
#............#....
....#+#........#.##)
#########..............)
....((@@5............#..
#########..#.........#..
.....#.#####.#....
..................
##.......#####......
#...................
#..#.#.#.#.#.##..#..
#.#######..#.#.#......#..#.#
...........................#


You could see Sigmund (ally target) and a friendly quasit (summoned).

Vanquished Creatures
  Jessica (D:2)
  Ijyb (D:3)
  An adder (D:3)
  A worm (D:2)
  3 orcs (D:3)
  4 endoplasms
  A giant cockroach (D:3)
  5 goblins
  6 hobgoblins
  4 jackals (D:1)
  4 quokkas
  2 ball pythons (D:1)
  5 bats
  3 kobolds
  7 rats
48 creatures vanquished.

Notes
Turn   | Place    | Note
-------+----------+-------------------------------------------
     0 | D:1      | jagang the Demonspawn Berserker began the quest for the
                  | Orb.
     0 | D:1      | Reached XP level 1. HP: 18/18 MP: 1/1
   170 | D:1      | Found a faded altar of an unknown god.
   238 | D:1      | Gained mutation: You are surrounded by a mild repulsion
                  | field. (EV +2) [demonic ancestry]
   238 | D:1      | Reached XP level 2. HP: 9/24 MP: 2/2
   341 | D:1      | Reached skill level 1 in Invocations
   915 | D:2      | Noticed Jessica
   921 | D:2      | Killed Jessica
   922 | D:2      | Reached skill level 1 in Throwing
   922 | D:2      | Reached XP level 3. HP: 26/30 MP: 2/4
  1374 | D:2      | You fall into a shaft and drop 1 floor!
  1387 | D:3      | Noticed Ijyb
  1407 | D:3      | Killed Ijyb
  1408 | D:3      | Gained mutation: A weak demonic guardian rushes to your
                  | aid. [demonic ancestry]
  1408 | D:3      | Reached XP level 4. HP: 33/37 MP: 5/5
  1472 | D:3      | Reached ** piety under Trog
  1476 | D:3      | Found a sacrificial altar of Ru.
  2186 | D:3      | Reached skill level 4 in Fighting
  2219 | D:3      | Noticed Sigmund
  2230 | D:3      | Succumbed to Sigmund's poison

Illustrated notes

Levels and vault maps discovered:
D:1:      heliophobic_arrival_battle_scene, layout_basic,
          basic_ecumenical_altar, minmay_crystal_room
D:2:      layout_basic, kennysheep_flooded_box, minmay_misc_feat_columns,
          uniq_jessica
D:3:      layout_basic, nicolae_ru_sacrificial_ziggurat, item_on_display_a,
          uniq_terence, uniq_sigmund, uniq_natasha, uniq_ijyb

Skill      XL: |  1  2  3  4 |
---------------+-------------+-----
Armour         | 2 |  2.4
Invocations    | 1 2 |  2.2
Throwing       | 1 |  1.3
Dodging        | 2 |  2.0
Fighting       | 4 |  4.0
Maces & Flails | |  2.6
Shields        | |  0.6

Action                     |  1- 3 |  4- 6 || total
---------------------------+-------+-------++-------
  Melee: Mace              |    73 |       ||    73
         Club              |    23 |    34 ||    57
  Throw: Dart              |       |     2 ||     2
 Invoke: Berserk           |     1 |       ||     1
   Stab: Sleeping          |     1 |       ||     1
 Armour: Animal skin       |     9 |       ||     9
         Chain mail        |    15 |     9 ||    24
         Ring mail         |     3 |       ||     3
  Dodge: Dodged            |    68 |    20 ||    88
  Block: Buckler           |     3 |     3 ||     6
